 Dungeon Crawl Stone Soup version 0.28-a0-479-g5baa6b73be (webtiles) character file.

Game seed: 681834323548521743

5067 Dabor the Skirmisher (level 10, -5/120 HPs)
             Began as a Formicid Abyssal Knight on Sept 19, 2021.
             Was a Priest of Lugonu.
             Slain by a troll (10 damage)
             ... on level 10 of the Dungeon.
             The game lasted 00:23:43 (14682 turns).

Dabor the Skirmisher (Formicid Abyssal Knight)     Turns: 14682, Time: 00:23:44

Health: -5/120     AC: 32    Str: 16    XL:     10   Next: 86%
Magic:  0/14       EV:  2    Int: 13    God:    Lugonu [***...]
Gold:   565        SH:  5    Dex: 13    Spells: 9/9 levels left

rFire   . . .      SeeInvis .   l - +1 trident (protect)
rCold   . . .      Faith    .   i - +0 buckler
rNeg    + + +      Spirit   +   (armour currently unavailable)
rPois   +          Reflect  .   (helmet unavailable)
rElec   .          Harm     .   (cloak currently unavailable)
rCorr   +          Rampage  .   (gloves currently unavailable)
Will    +....                   (boots currently unavailable)
Stlth   +.........              k - amulet of guardian spirit
HPRegen 0.30/turn               c - ring of poison resistance
MPRegen 0.14/turn               b - ring of resist corrosion

@: tree-form, under a protective aura
A: stationary, stasis, torment immunity, boosted hp, permanent stasis, dig
shafts and tunnels, (antennae 3), four strong arms
a: Renounce Religion, Depart the Abyss, Bend Space, Banish


You were on level 10 of the Dungeon.
You worshipped Lugonu.
Lugonu was most pleased with you.
You were a tree.
You visited 1 branch of the dungeon, and saw 10 of its levels.
You visited the Abyss 1 time.

You collected 565 gold pieces.

Inventory:

Hand Weapons
 a - a +2 spear
 e - a +3 hunting sling
 l - a +1 trident of protection (weapon)
Missiles
 j - 24 poisoned darts
 q - 8 boomerangs (quivered)
 v - 2 atropa-tipped darts
Armour
 f - a +0 pair of gloves (melded)
 h - a +0 pair of boots (melded)
 i - a +0 buckler (worn)
 m - a +0 chain mail
 o - a +4 ring mail (melded)
Jewellery
 b - a ring of resist corrosion (right branch)
 c - a ring of poison resistance (left branch)
 k - an amulet of guardian spirit (around neck)
 s - the ring "Gonen" {rPois rC+ rCorr Str-5 Stlth+}
   (You found it on level 7 of the Dungeon)

   [ring of protection from cold]

   Str:       It affects your strength (-5).
   rC:        It protects you from cold.
   rPois:     It protects you from poison.
   rCorr:     It protects you from acid and corrosion.
   Stlth:     It makes you more stealthy.
Wands
 p - a wand of paralysis (8)
 w - a wand of flame (19)
 y - a wand of iceblast (6)
Scrolls
 t - a scroll of identify
Potions
 d - a potion of degeneration
 g - 3 potions of brilliance
 n - 3 potions of flight
 r - a potion of berserk rage
 x - a potion of invisibility
 A - a potion of cancellation {unknown}


   Skills:
 * Level 7.8 Fighting
 * Level 6.9 Polearms
 + Level 3.7 Throwing
 * Level 7.5 Armour
 + Level 4.4 Dodging
 + Level 5.8 Shields
 + Level 6.3 Invocations
 + Level 4.1 Evocations


You had 9 spell levels left.
You didn't know any spells.
Your spell library contained the following spells:

 Spells                   Type           Power      Damage    Failure   Level
 Animate Skeleton         Necr           0%         N/A       30%         1
 Apportation              Tloc           0%         N/A       30%         1
 Summon Small Mammal      Summ           0%         N/A       30%         1
 Call Canine Familiar     Summ           0%         N/A       67%         3
 Portal Projectile        Hex/Tloc       0%         N/A       67%         3
 Animate Armour           Summ/Erth      0%         N/A       97%         4
 Leda's Liquefaction      Hex/Erth       0%         N/A       97%         4
 Summon Lightning Spire   Summ/Air       0%         N/A       97%         4
 Blade Hands              Tmut           0%         N/A       100%        5
 Iron Shot                Conj/Erth      0%         9d1       100%        6
 Storm Form               Tmut/Air       0%         N/A       100%        7
 Maxwell's Capacitive Co  Air            0%         ∞         100%        8


Dungeon Overview and Level Annotations

Branches:
Dungeon (10/15)            Temple (0/1) D:4            Lair (0/6) D:9
    Orc: D:9-12

Altars:
Ashenzari
Cheibriados
Fedhas
Gozag
Hepliaklqana
Kikubaaqudgha
Nemelex Xobeh
Okawaru
Qazlal
Trog
Vehumet
Wu Jian
Yredelemnul
Zin

Shops:
D:1 =   D:5 *   D:6 :

Annotations:
D:5 1 runed translucent door


Innate Abilities, Weirdness & Mutations

You are a tree.
Your roots penetrate the ground, keeping you stationary.
You cannot be teleported.
You are immune to unholy pain and torment.
Your maximum health is greatly increased.
Your equipment is partially melded.
You cannot be hasted, slowed, berserked, paralysed or teleported.
You can dig through walls and to a lower floor.
((You have a pair of large antennae on your head. (SInv)))
Your four strong arms can wield two-handed weapons with a shield.


Message History

You hit the troll.
The troll is moderately wounded.
The troll bites you but does no damage. The troll claws you but does no damage.
You block the troll's attack.
You hit the troll.
The troll is moderately wounded.
The troll bites you.
* * * LOW HITPOINT WARNING * * *
The troll claws you.
* * * LOW HITPOINT WARNING * * *
The troll claws you but does no damage.
You hit the troll.
The troll is heavily wounded.
The troll bites you!
* * * LOW HITPOINT WARNING * * *
The troll claws you but does no damage. You block the troll's attack.
You hit the troll.
The troll is severely wounded.
The troll completely misses you. The troll claws you but does no damage.
You block the troll's attack.
You hit the troll.
The troll is almost dead.
The troll bites you but does no damage. The troll claws you but does no damage.
You block the troll's attack.
You hit the troll.
The troll is almost dead.
The troll bites you but does no damage.
The troll claws you but does no damage. x2
You barely miss the troll.
The troll is almost dead.
The troll bites you but does no damage. You block the troll's attack.
The troll claws you but does no damage.
You hit the troll but do no damage.
The troll is severely wounded.
The troll bites you but does no damage. The troll barely misses you.
The troll claws you!
* * * LOW HITPOINT WARNING * * *
You barely miss the troll.
The troll is severely wounded.
The troll bites you!
You die...

#..# #..#
#..# ####
#..# ....
#.<# ..(
#..# #..
#..#
#..####..#
#....♣...#
#...T....#
#...###..#
#... #..#
#... #..#
#... #..#
#... #..#
#... #..#
#... (.#


You could see a troll.

Vanquished Creatures
  Psyche (D:8)
  2 hornets
  A troll (D:9)
  Grinder (D:3)
  A shadow (D:9)
  A steam dragon (D:8)
  An acid dragon (D:9)
  A water moccasin (D:7)
  2 orc warriors (D:9)
  2 sky beasts
  3 black bears
  An ice beast (D:6)
  An ogre (D:6)
  2 wolves (D:9)
  4 centaurs
  3 bullfrogs
  A kobold brigand (D:8)
  A gnoll sergeant (D:8)
  7 scorpions
  6 wights
  A howler monkey (D:8)
  3 electric eels (D:9)
  A bullfrog zombie (D:5)
  2 centaur zombies
  An orc priest (D:9)
  7 hounds
  A jelly (D:7)
  A bullfrog skeleton (D:6)
  A scorpion zombie (D:4)
  Terence (D:2)
  2 centaur skeletons
  An iguana (D:5)
  An orc wizard (D:9)
  A killer bee zombie (D:8)
  2 hound skeletons
  3 gnolls
  5 adders
  A shadow imp (D:7)
  A white imp (D:6)
  A worm (D:2)
  3 dart slugs
  9 orcs
  7 endoplasms
  11 giant cockroaches
  10 goblins
  8 hobgoblins
  3 quokkas
  2 ball pythons (D:1)
  7 bats
  2 frilled lizards
  8 kobolds
  A rat (D:2)
  A butterfly (D:5)
151 creatures vanquished.

Vanquished Creatures (collateral kills)
  2 wights (D:6)
2 creatures vanquished.

Vanquished Creatures (others)
  A hound (D:8)
  A gnoll (D:9)
  A plant (D:3)
3 creatures vanquished.

Grand Total: 156 creatures vanquished

Notes
Turn   | Place    | Note
-------+----------+-------------------------------------------
     0 | Abyss:1  | Dabor the Formicid Abyssal Knight began the quest for the
                  | Orb.
     0 | Abyss:1  | Reached XP level 1. HP: 18/18 MP: 2/2
     5 | Abyss:1  | Noticed a quasit
     5 | D:1      | Escaped the Abyss
    98 | D:1      | Reached skill level 1 in Dodging
   104 | D:1      | Reached * piety under Lugonu
   140 | D:1      | Reached XP level 2. HP: 19/24 MP: 3/3
   597 | D:1      | Found Vudut's Jewellery Shoppe.
   889 | D:2      | Reached XP level 3. HP: 11/29 MP: 4/4
  1210 | D:2      | Found a radiant altar of Vehumet.
  1237 | D:2      | Noticed Terence
  1520 | D:2      | Reached XP level 4. HP: 27/37 MP: 4/6
  1608 | D:2      | Killed Terence
  1609 | D:2      | Reached skill level 1 in Shields
  2525 | D:3      | Noticed Grinder
  2856 | D:3      | Killed Grinder
  2857 | D:3      | Reached XP level 5. HP: 31/42 MP: 5/7
  2857 | D:3      | Reached XP level 6. HP: 35/48 MP: 5/8
  3074 | D:3      | Found a radiant altar of Vehumet.
  3076 | D:3      | Found a snail-covered altar of Cheibriados.
  3076 | D:3      | Found a sparkling altar of Nemelex Xobeh.
  3858 | D:4      | Found an opulent altar of Gozag.
  3873 | D:4      | Noticed an ogre
  4241 | D:4      | Reached XP level 7. HP: 31/55 MP: 6/9
  4440 | D:4      | Found a hazy altar of Hepliaklqana.
  4486 | D:4      | Found a bloodstained altar of Trog.
  4494 | D:4      | Found a blossoming altar of Fedhas.
  4497 | D:4      | Found an iron altar of Okawaru.
  4498 | D:4      | Found an ancient bone altar of Kikubaaqudgha.
  4941 | D:4      | Reached ** piety under Lugonu
  5281 | D:4      | Found a staircase to the Ecumenical Temple.
  5347 | D:5      | Entered Level 5 of the Dungeon
  5396 | D:5      | Found a runed translucent door.
  5398 | D:5      | Found a runed translucent door.
  5432 | D:5      | Reached skill level 5 in Fighting
  5432 | D:5      | Reached skill level 1 in Throwing
  5432 | D:5      | Reached skill level 1 in Evocations
  5432 | D:5      | Reached XP level 8. HP: 38/62 MP: 7/11
  5889 | D:5      | Found Zin's Purification Station.
  5889 | D:5      | Found a glowing silver altar of Zin.
  6698 | D:6      | Found Causem Muna's Book Shop.
  6766 | D:6      | Reached skill level 5 in Armour
  6830 | D:6      | Found a basalt altar of Yredelemnul.
  6870 | D:6      | Found an ornate altar of the Wu Jian Council.
  7048 | D:6      | HP: 3/64 [centaur/arrow (4)]
  7370 | D:6      | Reached XP level 9. HP: 54/69 MP: 8/12
  7581 | D:6      | Reached skill level 5 in Invocations
  7685 | D:6      | Reached skill level 5 in Polearms
  8748 | D:7      | Identified the ring "Gonen" {rPois rC+ rCorr Str-5 Stlth+}
  9291 | D:7      | Reached *** piety under Lugonu
  9752 | D:8      | Noticed a hornet
  9775 | D:8      | Killed a hornet
 10534 | D:8      | Reached XP level 10. HP: 21/77 MP: 4/14
 10910 | D:8      | Reached skill level 5 in Shields
 12701 | D:9      | Noticed Psyche
 12732 | D:8      | Killed Psyche
 13646 | D:9      | Found a staircase to the Lair.
 14388 | D:9      | Found a stormy altar of Qazlal.
 14388 | D:9      | Found a broken altar of Ashenzari.
 14644 | D:10     | Entered Level 10 of the Dungeon
 14681 | D:10     | HP: 4/120 [troll (7)]
 14682 | D:10     | Slain by a troll

Illustrated notes

Levels and vault maps discovered:
D:1:      nzn_arrival_water_spiral, layout_basic, serial_shops, shop_fountains
D:2:      kennysheep_big_flooded_room, layout_basic, basic_altar,
          chequers_serial_rivers_micro_a, grunt_ministairs_14, minivault_27,
          minmay_statues_item, corner_web_ring, uniq_terence
D:3:      layout_basic, gammafunk_temple_overflow_forgotten,
          minmay_misc_feat_chi, hangedman_decor_diamond_cutter, uniq_grinder
D:4:      layout_basic, mainiacjoe_overflow_tiny_flanked,
          grunt_temple_overflow_open, minmay_temple_entry_hall, minmay_cut_off
D:5:      lemuel_insect_pit, layout_basic, zin_purify
D:6:      layout_basic, lemuel_doored_altar, mainiacjoe_overflow_catwalk,
          serial_shops, nicolae_square_shop
D:7:      layout_loops_cross
D:8:      layout_basic
D:9:      layout_gridville, gammafunk_temple_overflow_statue, erik_lair_island,
          uniq_psyche
D:10:     layout_long_grid, lemuel_round_altar, orc_0_dummy

Skill      XL: |  1  2  3  4  5  6  7  8  9 10 |
---------------+-------------------------------+-----
Dodging        | 1 2 3 4 |  4.4
Shields        | 2 3 4 5 |  5.8
Invocations    | 3 4 5 6 |  6.3
Armour         | 3 4 5 6 7 |  7.5
Fighting       | 4 5 6 7 |  7.8
Polearms       | 3 4 5 6 |  6.9
Throwing       | 1 3 |  3.7
Evocations     | 1 2 3 4 |  4.1

Action                   |  1- 3 |  4- 6 |  7- 9 | 10-12 || total
-------------------------+-------+-------+-------+-------++-------
Melee: Spear             |   123 |   136 |   462 |   125 ||   846
       Trident           |       |       |       |   177 ||   177
Throw: Dart              |       |       |     5 |       ||     5
       Boomerang         |       |       |    46 |    54 ||   100
       Throwing net      |       |       |     1 |       ||     1
Invok: Depart the Abyss  |     1 |       |       |       ||     1
       Bend Space        |       |       |     1 |       ||     1
       Banish            |       |       |       |     1 ||     1
 Abil: Dig               |       |     2 |     3 |       ||     5
Evoke: Wand              |       |       |     2 |    11 ||    13
  Use: Scroll            |     3 |     4 |     4 |     6 ||    17
       Potion            |       |     4 |     3 |     2 ||     9
 Stab: Distracted        |       |     1 |       |       ||     1
       Paralysed         |       |       |     9 |       ||     9
       Held in net/web   |       |       |     1 |       ||     1
Armor: Leather armour    |    25 |     9 |       |       ||    34
       Chain mail        |       |    12 |   202 |    99 ||   313
       Ring mail         |       |       |       |    25 ||    25
       Skin              |       |       |       |    21 ||    21
Dodge: Dodged            |    44 |    53 |   114 |   107 ||   318
Block: Buckler           |     6 |    18 |    90 |    77 ||   191

Table legend: (Time is in decaauts)
 A = Elapsed time spent in this place.
 B = Non-inter-level travel time spent in this place.
 C = Inter-level travel time spent in this place.
 D = Time resting spent in this place.
 E = Time spent auto-exploring this place.
 F = Levels seen in this place.
 G = Mean time per level.
                   A        B        C        D        E       F      G
               +--------+--------+--------+--------+--------+-----+--------+
         Total |  14623 |  14105 |    518 |   3975 |   7542 |  11 | 1329.4 |
       Dungeon |  14618 |  14100 |    518 |   3975 |   7537 |  10 | 1461.8 |
         Abyss |      5 |      5 |      0 |      0 |      5 |   1 |    5.0 |
               +--------+--------+--------+--------+--------+-----+--------+

Top non-repeatable levels by time:
     D:8: 3551 daAuts
     D:6: 1758 daAuts
     D:2: 1636 daAuts
     D:3: 1589 daAuts
     D:7: 1376 daAuts
     D:9: 1308 daAuts
     D:5: 1243 daAuts
     D:4: 1189 daAuts
     D:1: 928 daAuts
    D:10: 36 daAuts
 Abyss:1: 5 daAuts
